AoeStats
← Kiritastrich

Arabia

509391214Analyzed
1v1 RM · 4d ago on Sep 26, 2026· 32m 25s· 2 players
Game mode
Random Map
Map size
Tiny (2 player)
Population
200
Speed
Normal
Resources
Standard
Victory
Conquest
Starting age
Dark Age
Ending age
Imperial Age
RankedLock teamsTeams togetherTeam positionsShared explorationLock speedFull tech treeHidden civsTurbo modeCheats
Victory
Defeat
🇩🇪 Spanish · Germany
1866
+17
🇷🇺 Bengalis · Russia
1889
-17
[GER] Paeco
9:17 Feudal Age
9:57 Double-Bit Axe
10:03 Horse Collar
11:50 Loom
18:01 Castle Age
19:19 Bow Saw
19:10 Heavy Plow
23:27 Wheelbarrow
22:44 Town Watch
23:59 Sanctity
25:02 Bloodlines
24:52 Husbandry
25:47 Husbandry
30:12 Scale Barding Armor
30:17 Forging
31:12 Chain Barding Armor
31:32 Devotion
Kiritastrich
7:24 Loom
10:48 Feudal Age
15:17 Castle Age
16:25 Fletching
21:23 Bodkin Arrow
22:39 Devotion
23:19 Atonement
24:09 Double-Bit Axe
26:40 Padded Archer Armor
28:50 Redemption
29:02 Sanctity
Connection lost

Rejoining the realm…

Still unreachable

The connection could not be restored.

Session expired

The server has moved on; the page needs a fresh start.